3080 views
Uploaded 2020-02-09 23:11:43
Game version 1.32 / 1.32.1
11:20 long 2on2 ladder game on (4)HillsbradCreek
Saved by Grim
3080 views
Uploaded 2020-02-09 23:11:43
Game version 1.32 / 1.32.1
11:20 long 2on2 ladder game on (4)HillsbradCreek

35 units @ 5.5k
/ 0.4k
23 buildings @ 3.7k
/ 1.4k



| Rod of Necromancy | 3 | 450 |
| Scroll of Town Portal | 1 | 350 |
| total: | 4 | 800g |
| Acolyte | 2 | 150 | / | 0 |
| Ghoul | 3 | 360 | / | 0 |
| Crypt Fiend | 7 | 1505 | / | 280 |
| Obsidian Statue | 3 | 600 | / | 105 |
| total: | 15 | 2615g | / | 385w |
| Nerubian Tower | 1 | 100 | / | 20 |
| Crypt | 1 | 200 | / | 50 |
| Altar of Darkness | 1 | 180 | / | 50 |
| Ziggurat | 6 | 900 | / | 300 |
| Graveyard | 1 | 215 | / | 0 |
| Tomb of Relics | 1 | 130 | / | 30 |
| Slaughterhouse | 1 | 140 | / | 135 |
| Halls of the Dead | 2 | 640 | / | 420 |
| Black Citadel | 1 | 325 | / | 230 |
| total: | 11 | 1765g | / | 565w |
| 0:02 | Acolyte |
| 0:07 | Crypt |
| 0:10 | Altar of Darkness |
| 0:13 | Acolyte |
| 0:32 | Ziggurat |
| 0:55 | Graveyard |
| 1:09 | Ghoul |
| 1:12 | Tomb of Relics |
| 1:21 | Ghoul |
| 1:33 | Ghoul |
| 1:49 | Ziggurat |
| 2:24 | Rod of Necromancy |
| 2:25 | Crypt Fiend |
| 2:26 | Death Coil |
| 2:50 | Crypt Fiend |
| 3:08 | Crypt Fiend |
| 3:48 | Halls of the Dead |
| 3:54 | Unholy Aura |
| 4:03 | Crypt Fiend |
| 4:13 | Rod of Necromancy |
| 4:26 | Ziggurat |
| 5:02 | Nerubian Tower |
| 5:31 | Crypt Fiend |
| 5:50 | Ziggurat |
| 6:10 | Crypt Fiend |
| 6:41 | Slaughterhouse |
| 6:45 | Death Coil |
| 7:06 | Black Citadel |
| 7:10 | Frost Armor |
| 7:13 | Rod of Necromancy |
| 7:48 | Scroll of Town Portal |
| 8:08 | Obsidian Statue |
| 8:45 | Obsidian Statue |
| 9:13 | Ziggurat |
| 9:58 | Frost Nova |
| 10:03 | Ziggurat |
| 10:26 | Unholy Aura |
| 10:59 | Impale |
| 11:01 | Crypt Fiend |
| 11:02 | Obsidian Statue |
| Right click | 707 |
| Select group | 579 |
| Assign group | 374 |
| Select | 160 |
| Build/train/purchase | 56 |
| Use ability | 23 |
| Minimap ping | 9 |
| Chat | 4 |
| Item give/drop | 2 |
| Remove unit | 2 |
| Misc. action | 1 |

| Healing Salve | 1 | 100 |
| total: | 1 | 100g |
| Peon | 7 | 525 | / | 0 |
| Grunt | 10 | 2000 | / | 0 |
| Shaman | 3 | 390 | / | 60 |
| total: | 20 | 2915g | / | 60w |
| Altar of Storms | 1 | 180 | / | 50 |
| Orc Burrow | 5 | 800 | / | 200 |
| Barracks | 1 | 180 | / | 50 |
| Voodoo Lounge | 1 | 130 | / | 30 |
| War Mill | 1 | 205 | / | 0 |
| Spirit Lodge | 1 | 150 | / | 150 |
| Tauren Totem | 2 | 270 | / | 310 |
| Stronghold | 1 | 315 | / | 190 |
| Fortress | 1 | 325 | / | 190 |
| total: | 12 | 1915g | / | 790w |
| 0:02 | Peon |
| 0:03 | Peon |
| 0:07 | Altar of Storms |
| 0:21 | Orc Burrow |
| 0:33 | Barracks |
| 0:34 | Peon |
| 0:43 | Peon |
| 0:57 | Peon |
| 1:19 | Peon |
| 1:27 | Orc Burrow |
| 1:40 | Grunt |
| 2:00 | Peon |
| 2:05 | Voodoo Lounge |
| 2:16 | Wind Walk |
| 2:26 | Grunt |
| 2:45 | Grunt |
| 3:04 | War Mill |
| 3:38 | Orc Burrow |
| 3:39 | Grunt |
| 3:47 | Critical Strike |
| 3:55 | Healing Salve |
| 4:08 | Grunt |
| 5:02 | Orc Burrow |
| 5:05 | Stronghold |
| 5:38 | Steel Melee Weapons |
| 5:40 | Grunt |
| 6:45 | Wind Walk |
| 6:50 | Grunt |
| 6:51 | Steel Armor |
| 6:56 | Orc Burrow |
| 7:19 | Grunt |
| 7:31 | Berserker Strength |
| 7:42 | Thorium Melee Weapons |
| 7:47 | Spirit Lodge |
| 8:11 | Tauren Totem |
| 9:20 | Fortress |
| 9:22 | Shaman Adept Training |
| 9:27 | Grunt |
| 9:30 | Spirit Walker Adept Training |
| 10:08 | Grunt |
| 10:16 | Tauren Totem |
| 10:19 | Shaman |
| 10:19 | Shaman |
| 10:42 | Critical Strike |
| 10:57 | Shaman |
| Right click | 404 |
| Select | 129 |
| Build/train/purchase | 40 |
| Select group | 34 |
| Assign group | 10 |
| Use ability | 2 |
| Minimap ping | 2 |
36 units @ 5.4k
/ 0.7k
17 buildings @ 2.8k
/ 1k


| Acolyte | 2 | 150 | / | 0 |
| Crypt Fiend | 10 | 2150 | / | 400 |
| Ghoul | 3 | 360 | / | 0 |
| Forest Troll Berserker | 1 | 245 | / | 30 |
| total: | 16 | 2905g | / | 430w |
| Graveyard | 1 | 215 | / | 0 |
| Crypt | 1 | 200 | / | 50 |
| Ziggurat | 4 | 600 | / | 200 |
| Altar of Darkness | 1 | 180 | / | 50 |
| Temple of the Damned | 1 | 155 | / | 140 |
| Slaughterhouse | 1 | 140 | / | 135 |
| Halls of the Dead | 1 | 320 | / | 210 |
| total: | 9 | 1490g | / | 575w |
| 0:12 | Graveyard |
| 0:16 | Crypt |
| 0:23 | Acolyte |
| 0:24 | Acolyte |
| 0:48 | Ziggurat |
| 1:09 | Altar of Darkness |
| 1:34 | Crypt Fiend |
| 2:02 | Crypt Fiend |
| 2:25 | Crypt Fiend |
| 2:27 | Ghoul |
| 2:45 | Ziggurat |
| 3:25 | Death Coil |
| 4:44 | Unholy Aura |
| 5:08 | Halls of the Dead |
| 5:09 | Crypt Fiend |
| 5:12 | Crypt Fiend |
| 5:48 | Ziggurat |
| 6:02 | Ziggurat |
| 7:27 | Forest Troll Berserker |
| 7:44 | Crypt Fiend |
| 7:44 | Crypt Fiend |
| 7:45 | Crypt Fiend |
| 9:12 | Crypt Fiend |
| 9:12 | Crypt Fiend |
| 9:21 | Temple of the Damned |
| 9:56 | Slaughterhouse |
| 10:00 | Frost Nova |
| 10:02 | Ghoul |
| 11:11 | Ghoul |
| Right click | 162 |
| Select | 122 |
| Build/train/purchase | 23 |
| Use ability | 10 |

| Healing Salve | 2 | 200 |
| Potion of Healing | 2 | 300 |
| total: | 4 | 500g |
| Peon | 5 | 375 | / | 0 |
| Grunt | 1 | 200 | / | 0 |
| Troll Headhunter | 13 | 1820 | / | 260 |
| Shaman | 1 | 130 | / | 20 |
| total: | 20 | 2525g | / | 280w |
| Altar of Storms | 1 | 180 | / | 50 |
| Barracks | 1 | 180 | / | 50 |
| Orc Burrow | 3 | 480 | / | 120 |
| War Mill | 1 | 205 | / | 0 |
| Voodoo Lounge | 1 | 130 | / | 30 |
| Spirit Lodge | 1 | 150 | / | 150 |
| Stronghold | 1 | 315 | / | 190 |
| total: | 8 | 1325g | / | 400w |
| 0:07 | Altar of Storms |
| 0:09 | Peon |
| 0:09 | Peon |
| 0:18 | Barracks |
| 0:28 | Orc Burrow |
| 0:41 | Peon |
| 0:58 | Peon |
| 1:02 | Peon |
| 1:33 | War Mill |
| 1:48 | Grunt |
| 2:12 | Orc Burrow |
| 2:19 | Mirror Image |
| 3:02 | Stronghold |
| 3:06 | Voodoo Lounge |
| 3:21 | Troll Headhunter |
| 3:21 | Troll Headhunter |
| 4:00 | Troll Headhunter |
| 4:03 | Troll Headhunter |
| 4:13 | Orc Burrow |
| 4:47 | Troll Headhunter |
| 4:48 | Troll Headhunter |
| 4:52 | Steel Armor |
| 5:47 | Spirit Lodge |
| 6:03 | Critical Strike |
| 6:40 | Troll Regeneration |
| 7:06 | Shaman |
| 7:07 | Shaman Adept Training |
| 9:22 | Healing Salve |
| 9:24 | Healing Salve |
| 9:26 | Potion of Healing |
| 9:26 | Potion of Healing |
| 9:57 | Spiked Barricades |
| 9:58 | Reinforced Defenses |
| 9:59 | Troll Headhunter |
| 10:00 | Troll Headhunter |
| 10:00 | Troll Headhunter |
| 10:00 | Troll Headhunter |
| 10:00 | Troll Headhunter |
| 10:00 | Troll Headhunter |
| 10:01 | Troll Headhunter |
| Right click | 611 |
| Select | 121 |
| Build/train/purchase | 42 |
| Use ability | 1 |
โ